XFBL
TEXAS RANGERS @ KANSAS CITY ROYALS
09/01/1982
 
TOP OF THE 1ST
Texas Rangers batting - Pitching for Kansas City Royals : LHP Dave LaPoint
Pitching: LHP Dave LaPoint
Batting: RHB Joe Charboneau 0-0: Ground out 5-3 (Groundball, 5L, EV 89.4 MPH)
Batting: RHB Kirby Puckett 0-0: Ground out 6-3 (Groundball, 6, EV 81.3 MPH)
Batting: RHB Steve Garvey 0-0: Fly out, F9 (Flyball, 9S, EV 91.9 MPH)
Top of the 1st over - 0 runs, 0 hits, 0 errors, 0 left on base; Texas 0 - Kansas City 0
BOTTOM OF THE 1ST
Kansas City Royals batting - Pitching for Texas Rangers : LHP Fernando Valenzuela
Pitching: LHP Fernando Valenzuela
Batting: LHB Jim Eisenreich 0-0: Swinging Strike
0-1: Called Strike
0-2: Ball
1-2: Strikes out looking
Batting: RHB Rickey Henderson 0-0: Fly out, F9 (Flyball, 89M, EV 77.5 MPH)
Batting: RHB Bob Horner 0-0: Called Strike
0-1: Called Strike
0-2: Ball
1-2: Foul Ball, location: 2F
1-2: Ball
2-2: SINGLE (Groundball, 6MD, EV 96.9 MPH)
Batting: LHB Alvin Davis 0-0: Fielders Choice at 2nd, 6-4 (Groundball, 56, EV 86.9 MPH)
Bottom of the 1st over - 0 runs, 1 hit, 0 errors, 1 left on base; Texas 0 - Kansas City 0
TOP OF THE 2ND
Texas Rangers batting - Pitching for Kansas City Royals : LHP Dave LaPoint
Batting: RHB Steve Balboni 0-0: Ball
1-0: Called Strike
1-1: Swinging Strike
1-2: Fly out, F6 (Flyball, 56D, EV 78.1 MPH)
Batting: LHB Jody Helser 0-0: Called Strike
0-1: Swinging Strike
0-2: Ball
1-2: Ball
2-2: Strikes out swinging
Batting: RHB Rich Dauer 0-0: Ball
1-0: Swinging Strike
1-1: Ground out 6-3 (Groundball, 6S, EV 70.0 MPH)
Top of the 2nd over - 0 runs, 0 hits, 0 errors, 0 left on base; Texas 0 - Kansas City 0
BOTTOM OF THE 2ND
Kansas City Royals batting - Pitching for Texas Rangers : LHP Fernando Valenzuela
Batting: RHB Gary Carter 0-0: Swinging Strike
0-1: Swinging Strike
0-2: Ball
1-2: Fly out, F3 (Popup, 3SF, EV 86.3 MPH)
Batting: LHB Gene Richards 0-0: Called Strike
0-1: Foul Ball, location: 2F
0-2: Ball
1-2: Foul Ball, location: 2F
1-2: Foul Ball, location: 2F
1-2: Foul Ball, location: 2F
1-2: Foul Ball, location: 2F
1-2: Ball
2-2: Foul Ball, location: 2F
2-2: SINGLE (Line Drive, 7S, EV 100.0 MPH)
Batting: RHB Adrian Monrreal 0-0: Ground out 3-1 (Groundball, 34S, EV 91.9 MPH)
Gene Richards to second
Batting: LHB Rick Manning 0-0: Called Strike
0-1: Called Strike
0-2: Ground out 4-3 (Groundball, 4, EV 95.6 MPH)
Bottom of the 2nd over - 0 runs, 1 hit, 0 errors, 1 left on base; Texas 0 - Kansas City 0
TOP OF THE 3RD
Texas Rangers batting - Pitching for Kansas City Royals : LHP Dave LaPoint
Batting: RHB George Bjorkman 0-0: Called Strike
0-1: Swinging Strike
0-2: Ball
1-2: Strikes out swinging
Batting: RHB Juan Rodriguez 0-0: Ball
1-0: Foul Ball, location: 2F
1-1: Fly out, F8 (Line Drive, 8LD, EV 92.5 MPH)
Batting: RHB Juan Samuel 0-0: Ball
1-0: Called Strike
1-1: Ball
2-1: Fly out, F8 (Flyball, 8LS, EV 85.6 MPH)
Top of the 3rd over - 0 runs, 0 hits, 0 errors, 0 left on base; Texas 0 - Kansas City 0
BOTTOM OF THE 3RD
Kansas City Royals batting - Pitching for Texas Rangers : LHP Fernando Valenzuela
Batting: RHB Lloyd McClendon 0-0: Ball
1-0: Ball
2-0: Ball
3-0: Called Strike
3-1: Called Strike
3-2: Foul Ball, location: 2F
3-2: Strikes out looking
Batting: LHB Jim Eisenreich 0-0: Called Strike
0-1: Ball
1-1: Called Strike
1-2: Ball
2-2: Foul Ball, location: 2F
2-2: Foul Ball, location: 2F
2-2: Foul Ball, location: 2F
2-2: Ball
3-2: Strikes out swinging
Batting: RHB Rickey Henderson 0-0: Foul Ball, location: 2F
0-1: Fly out, F7 (Flyball, 7LM, EV 92.5 MPH)
Bottom of the 3rd over - 0 runs, 0 hits, 0 errors, 0 left on base; Texas 0 - Kansas City 0
TOP OF THE 4TH
Texas Rangers batting - Pitching for Kansas City Royals : LHP Dave LaPoint
Batting: RHB Joe Charboneau 0-0: Ball
1-0: Foul Ball, location: 2F
1-1: Ground out 1-3 (Groundball, 34S, EV 78.1 MPH)
Batting: RHB Kirby Puckett 0-0: Ball
1-0: Called Strike
1-1: Fly out, F8 (Line Drive, 8RM, EV 87.5 MPH)
Batting: RHB Steve Garvey 0-0: Ball
1-0: Fly out, F1 (Line Drive, P, EV 69.4 MPH)
Top of the 4th over - 0 runs, 0 hits, 0 errors, 0 left on base; Texas 0 - Kansas City 0
BOTTOM OF THE 4TH
Kansas City Royals batting - Pitching for Texas Rangers : LHP Fernando Valenzuela
Batting: RHB Bob Horner 0-0: Ball
1-0: Ball
2-0: Called Strike
2-1: Swinging Strike
2-2: Ball
3-2: Foul Ball, location: 2F
3-2: Base on Balls
Batting: LHB Alvin Davis 0-0: Grounds into double play, 4-6-3 (Groundball, 4, EV 91.3 MPH)
Batting: RHB Gary Carter 0-0: Called Strike
0-1: Ball
1-1: Swinging Strike
1-2: SOLO HOME RUN (Line Drive, 7LD, EV 95.6 MPH), Distance : 360 ft
Batting: LHB Gene Richards 0-0: Ground out 4-3 (Groundball, 4, EV 106.3 MPH)
Bottom of the 4th over - 1 run, 1 hit, 0 errors, 0 left on base; Texas 0 - Kansas City 1
TOP OF THE 5TH
Texas Rangers batting - Pitching for Kansas City Royals : LHP Dave LaPoint
Batting: RHB Steve Balboni 0-0: Foul Ball, location: 2F
0-1: Ball
1-1: Ball
2-1: Ball
3-1: SINGLE (Flyball, 8RS, EV 86.9 MPH)
Batting: LHB Jody Helser 0-0: Called Strike
0-1: Ball
1-1: Called Strike
1-2: Ball
2-2: Ball
3-2: Foul Ball, location: 2F
3-2: Foul Ball, location: 2F
3-2: Foul Ball, location: 2F
3-2: Foul Ball, location: 2F
3-2: Base on Balls
Steve Balboni to second
Batting: RHB Rich Dauer 0-0: Called Strike
0-1: Ball
1-1: Called Strike
1-2: Ground out 5-3 (Groundball, 56, EV 87.5 MPH)
Steve Balboni to third
Jody Helser to second
Batting: RHB George Bjorkman 0-0: Ball
1-0: Ball
2-0: Called Strike
2-1: Ball
3-1: Called Strike
3-2: Base on Balls
Batting: RHB Juan Rodriguez 0-0: Foul Ball, location: 2F
0-1: Foul Ball, location: 2F
0-2: Foul Ball, location: 2F
0-2: Ball
1-2: SINGLE (Groundball, 5L, EV 86.9 MPH) (infield hit)
Steve Balboni scores
Jody Helser to third
George Bjorkman to second
Batting: RHB Juan Samuel 0-0: Foul Ball, location: 2F
0-1: Fly out, F8 (Flyball, 8RM, EV 99.4 MPH)
Runner from 3rd tags up, OUT at HOME! 8-2
Top of the 5th over - 1 run, 2 hits, 0 errors, 2 left on base; Texas 1 - Kansas City 1
BOTTOM OF THE 5TH
Kansas City Royals batting - Pitching for Texas Rangers : LHP Fernando Valenzuela
Batting: RHB Adrian Monrreal 0-0: Swinging Strike
0-1: Swinging Strike
0-2: Ball
1-2: Fly out, F9 (Flyball, 9S, EV 88.8 MPH)
Batting: LHB Rick Manning 0-0: Ball
1-0: SINGLE (Groundball, 34S, EV 70.6 MPH) (infield hit)
Batting: RHB Lloyd McClendon 0-0: Ball
1-0: Ball
2-0: Fly out, F8 (Line Drive, 8LD, EV 95.0 MPH)
Batting: LHB Jim Eisenreich 0-0: Ball
1-0: Ball
2-0: Called Strike
2-1: Foul Ball, location: 2F
2-2: Foul Ball, location: 2F
2-2: Ball
3-2: Strikes out swinging
Bottom of the 5th over - 0 runs, 1 hit, 0 errors, 1 left on base; Texas 1 - Kansas City 1
TOP OF THE 6TH
Texas Rangers batting - Pitching for Kansas City Royals : LHP Dave LaPoint
Batting: RHB Joe Charboneau 0-0: Ball
1-0: Fly out, F8 (Flyball, 8LXD, EV 101.9 MPH)
Batting: RHB Kirby Puckett 0-0: Fly out, F3 (Popup, 3SF, EV 63.8 MPH)
Batting: RHB Steve Garvey 0-0: Ball
1-0: Foul Ball, location: 2F
1-1: Foul Ball, location: 2F
1-2: Ball
2-2: Ground out 6-3 (Groundball, 6, EV 80.0 MPH)
Top of the 6th over - 0 runs, 0 hits, 0 errors, 0 left on base; Texas 1 - Kansas City 1
BOTTOM OF THE 6TH
Kansas City Royals batting - Pitching for Texas Rangers : LHP Fernando Valenzuela
Batting: RHB Rickey Henderson 0-0: Called Strike
0-1: Foul Ball, location: 2F
0-2: DOUBLE (Line Drive, 7LS, EV 105.0 MPH)
Batting: RHB Bob Horner 0-0: Ball
1-0: Called Strike
1-1: Swinging Strike
1-2: Hit by Pitch
Batting: LHB Alvin Davis 0-0: Fly out, F8 (Flyball, 8LM, EV 73.8 MPH)
Runner from 2nd tags up, SAFE at 3rd with throw by CF
Batting: RHB Gary Carter 0-0: Swinging Strike
0-1: Swinging Strike
0-2: 3-RUN HOME RUN (Flyball, 7D, EV 107.5 MPH), Distance : 383 ft
Batting: LHB Gene Richards 0-0: Foul Ball, location: 2F
0-1: SOLO HOME RUN (Flyball, 9D, EV 101.9 MPH), Distance : 376 ft
Batting: RHB Adrian Monrreal 0-0: Ball
1-0: Ball
2-0: Called Strike
2-1: Ball
3-1: Ground out 6-3 (Groundball, 6, EV 86.9 MPH)
Batting: LHB Rick Manning 0-0: Ball
1-0: Called Strike
1-1: Ball
2-1: Foul Ball, location: 2F
2-2: Strikes out swinging
Bottom of the 6th over - 4 runs, 3 hits, 0 errors, 0 left on base; Texas 1 - Kansas City 5
TOP OF THE 7TH
Texas Rangers batting - Pitching for Kansas City Royals : LHP Dave LaPoint
Batting: RHB Steve Balboni 0-0: Fly out, F9 (Flyball, 9S, EV 93.8 MPH)
Batting: LHB Jody Helser 0-0: Called Strike
0-1: Ground out 4-3 (Groundball, 4, EV 88.8 MPH)
Batting: RHB Rich Dauer 0-0: Ball
1-0: Ball
2-0: Called Strike
2-1: Ball
3-1: Ground out 5-3 (Groundball, 56S, EV 80.0 MPH)
Top of the 7th over - 0 runs, 0 hits, 0 errors, 0 left on base; Texas 1 - Kansas City 5
BOTTOM OF THE 7TH
Kansas City Royals batting - Pitching for Texas Rangers : LHP Fernando Valenzuela
Pitching: LHP Jesse Orosco
Batting: RHB Lloyd McClendon 0-0: Fly out, F9 (Line Drive, 9, EV 100.0 MPH)
Batting: LHB Jim Eisenreich 0-0: Ball
1-0: Foul Ball, location: 2F
1-1: Foul Ball, location: 2F
1-2: Ball
2-2: Fly out, F8 (Line Drive, 8RM, EV 103.1 MPH)
Batting: RHB Rickey Henderson 0-0: Called Strike
0-1: Foul Ball, location: 2F
0-2: Strikes out swinging
Bottom of the 7th over - 0 runs, 0 hits, 0 errors, 0 left on base; Texas 1 - Kansas City 5
TOP OF THE 8TH
Texas Rangers batting - Pitching for Kansas City Royals : LHP Dave LaPoint
Batting: RHB George Bjorkman 0-0: Ball
1-0: Ball
2-0: Ball
3-0: Called Strike
3-1: Called Strike
3-2: Base on Balls
Batting: RHB Juan Rodriguez 0-0: Reached on error, E5 (Line Drive, 5, EV 68.1 MPH)
George Bjorkman to second
Batting: RHB Juan Samuel 0-0: Sac Bunt to 15 - play at first, batter OUT! 1-3
George Bjorkman to third
Juan Rodriguez to second
Batting: RHB Joe Charboneau 0-0: Ball
1-0: Ball
2-0: Called Strike
2-1: Ball
3-1: Fly out, F9 (Flyball, 9S, EV 92.5 MPH)
Batting: RHB Kirby Puckett 0-0: SINGLE (Groundball, 25, EV 64.4 MPH) (infield hit)
George Bjorkman scores
Juan Rodriguez to third
Batting: RHB Steve Garvey 0-0: Foul Ball, location: 2F
0-1: Ball
1-1: Foul Ball, location: 2F
1-2: Ball
2-2: Foul Ball, location: 2F
2-2: Foul Ball, location: 2F
2-2: SINGLE (Flyball, 9S, EV 88.8 MPH)
Juan Rodriguez scores
Kirby Puckett to second
Runner from 2nd tries for 3rd, SAFE, no throw by RF
Pitching: RHP Orel Hershiser
Batting: LHB Lenny Dykstra 0-0: Called Strike
0-1: SINGLE (Groundball, 34D, EV 104.4 MPH)
Kirby Puckett scores
Steve Garvey to second
Runner from 2nd tries for 3rd, SAFE, throw by RF made to third
Batting: LHB Jody Helser 0-0: Ball
1-0: Ball
2-0: Fly out, F7 (Flyball, 78M, EV 80.6 MPH)
Top of the 8th over - 3 runs, 3 hits, 1 error, 2 left on base; Texas 4 - Kansas City 5
BOTTOM OF THE 8TH
Kansas City Royals batting - Pitching for Texas Rangers : LHP Jesse Orosco
Batting: RHB Bob Horner 0-0: SOLO HOME RUN (Flyball, 78XD, EV 91.9 MPH), Distance : 424 ft
Batting: LHB Alvin Davis 0-0: Called Strike
0-1: Swinging Strike
0-2: Foul Ball, location: 2F
0-2: Ball
1-2: Ball
2-2: Ball
3-2: Fly out, F5 (Flyball, 56D, EV 95.6 MPH)
Batting: RHB Gary Carter 0-0: Ball
1-0: Ball
2-0: Fly out, F7 (Flyball, 78D, EV 88.1 MPH)
Batting: LHB Gene Richards 0-0: Swinging Strike
0-1: Ground out 6-3 (Groundball, 6, EV 79.4 MPH)
Bottom of the 8th over - 1 run, 1 hit, 0 errors, 0 left on base; Texas 4 - Kansas City 6
TOP OF THE 9TH
Texas Rangers batting - Pitching for Kansas City Royals : RHP Orel Hershiser
Batting: RHB Rich Dauer 0-0: Foul Ball, location: 2F
0-1: Ball
1-1: Ground out 6-3 (Groundball, 6, EV 83.1 MPH)
Batting: RHB George Bjorkman 0-0: Called Strike
0-1: DOUBLE (Line Drive, 89D, EV 103.8 MPH)
Batting: RHB Juan Rodriguez 0-0: Ball
1-0: Foul Ball, location: 2F
1-1: SINGLE (Groundball, 34D, EV 99.4 MPH)
George Bjorkman to third
Batting: RHB Juan Samuel 0-0: Ball
1-0: Ball
2-0: Fly out, F9 (Flyball, 9, EV 81.3 MPH)
Pinch Hitting: LHB Richie Hebner 0-0: Called Strike
0-1: Ball
1-1: Foul Ball, location: 2F
1-2: Ball
2-2: Fly out, F9 (Flyball, 9, EV 93.1 MPH)
Top of the 9th over - 0 runs, 2 hits, 0 errors, 2 left on base; Texas 4 - Kansas City 6
Thursday, August 27th, 2020 - OOTP Baseball 21.5 Build 76